 Dungeon Crawl Stone Soup version 0.23-a0-29-g1be82e5 (webtiles) character file.

1531873 Ezendos the Slayer (level 27, 270/270 HPs)
             Began as a Hill Orc Monk on July 31, 2018.
             Was the Champion of Beogh.
             Escaped with the Orb
             ... and 3 runes on Aug 3, 2018!
             The game lasted 08:27:47 (89263 turns).

Ezendos the Slayer (Hill Orc Monk)                 Turns: 89263, Time: 08:27:48

Health: 270/270    AC: 43    Str: 24    XL:     27
Magic:  38/38      EV: 12    Int: 11    God:    Beogh [******]
Gold:   5186       SH: 34    Dex: 16    Spells: 31/34 levels left

rFire    + + +     SeeInvis .   a - +9 broad axe "Lyhesuef" {freeze, Dex+4, @w1}
rCold    + . .     Gourm    .   D - +8 large shield {AC+3}
rNeg     + + .     Faith    +   I - +9 scales of the Dragon King {rPois rF+ rC+ MR+}
rPois    +         Spirit   .   M - +2 hat {MR+}
rElec    +         Reflect  .   i - +2 ratskin cloak {+Rats rPois rN+ Str-1 Int-1 Dex+1}
rCorr    .         Harm     .   Y - +0 pair of gloves "Docygiw" {rElec}
MR       ++++.     Clarity  +   m - +2 pair of boots {run}
Stlth    ..........             J - amulet of faith
HPRegen  0.55/turn              g - ring of protection from fire
MPRegen  0.26/turn              Q - ring of positive energy

@: quick
A: walk on water, antennae 1, blurry vision 1, clarity, clumsy 1, deformed body,
fire resistance 1, subdued magic 1
0: Orb of Zot
}: 3/15 runes: serpentine, barnacled, silver
a: Smiting, Recall Orcish Followers, Give Item to Named Follower, Resurrection,
Renounce Religion, Evoke Ratskin


You escaped.
You worshipped Beogh.
Beogh was exalted by your worship.
You were not hungry.

You visited 12 branches of the dungeon, and saw 54 of its levels.
You visited the Abyss 6 times.
You also visited: Trove and Ice Cave.

You collected 10253 gold pieces.
You spent 5067 gold pieces at shops.

Inventory:

Hand Weapons
 a - the +9 broad axe "Lyhesuef" (weapon) {freeze, Dex+4, @w1}
   (You found it on level 4 of the Shoals)

   It has been specially enchanted to freeze those struck by it, causing extra
   injury to most foes and up to half again as much damage against particularly
   susceptible opponents.
   It can also slow down cold-blooded creatures.
   It affects your dexterity (+4).
 b - a +9 fustibalus of freezing {@w2}
Missiles
 p - 35 silver javelins
 x - 14 throwing nets (quivered)
 U - 340 sling bullets {@Q2}
Armour
 h - a scarf of resistance
 i - the +2 ratskin cloak (worn) {+Rats rPois rN+ Str-1 Int-1 Dex+1}
   (You found it in a treasure trove)

   It affects your strength (-1).
   It affects your intelligence (-1).
   It affects your dexterity (+1).
   It protects you from poison.
   It protects you from negative energy.
 m - a +2 pair of boots of running (worn)
 D - a +8 large shield of protection (worn)
 I - the +9 scales of the Dragon King (worn) {rPois rF+ rC+ MR+}
   (You bought it in a shop on level 3 of the Vaults)

   It protects you from fire.
   It protects you from cold.
   It protects you from poison.
   It affects your resistance to hostile enchantments.
 M - a +2 hat of magic resistance (worn)
 Y - the +0 pair of gloves "Docygiw" (worn) {rElec}
   (You found it on level 2 of the Lair of Beasts)

   It insulates you from electricity.
Jewellery
 e - an uncursed ring of see invisible
 g - a ring of protection from fire (left hand)
 n - a +3 ring of slaying
 J - an amulet of faith (around neck)
 N - an uncursed ring of protection from magic
 Q - a ring of positive energy (right hand)
Wands
 u - a wand of acid (31)
 w - a wand of digging (59)
 C - a wand of disintegration (31)
Scrolls
 f - 7 scrolls of fear
 k - 6 scrolls of blinking
 v - 7 scrolls of amnesia
 z - 15 scrolls of fog
 A - a scroll of identify
 B - 9 scrolls of teleportation
 E - 8 scrolls of magic mapping
 K - 6 scrolls of silence
 T - 5 scrolls of summoning
 W - 21 scrolls of remove curse
 Z - 6 scrolls of holy word
Potions
 c - 6 potions of heal wounds
 j - 8 potions of curing {@q1}
 l - 10 potions of flight
 o - 11 potions of lignification
 q - 2 potions of agility
 r - 2 potions of mutation
 s - 5 potions of cancellation
 t - 18 potions of brilliance
 y - 4 potions of magic
 G - 10 potions of haste
 O - 3 potions of berserk rage
 P - 5 potions of resistance
 S - 6 potions of might
Miscellaneous
 F - a phantom mirror
 V - a lightning rod (4/4)
Comestibles
 d - 61 rations


   Skills:
 * Level 26.5 Fighting
 - Level 17.8(18.0) Axes
   Level 3.8(11.0) Polearms
 - Level 13.8(14.0) Slings
 - Level 3.9(10.0) Throwing
 + Level 23.9 Armour
 - Level 10.0 Dodging
 - Level 1.5 Stealth
 - Level 25.0 Shields
 - Level 4.0 Spellcasting
 - Level 4.0 Translocations
 * Level 22.3 Invocations
 - Level 0.5 Evocations


You had 31 spell levels left.
You knew the following spells:

 Your Spells              Type           Power        Failure   Level  Hunger
a - Apportation           Tloc           #.....       38%         1    #......
b - Blink                 Tloc           N/A          54%         2    ##.....

Your spell library contained the following spells:

 Spells                   Type           Power        Failure   Level  Hunger
 Cause Fear               Hex            #.........   100%        4    #####..
 Magic Dart               Conj           #...         92%         1    #......
 Fireball                 Conj/Fire      #.........   100%        5    ######.
 Conjure Flame            Conj/Fire      #.......     100%        3    ###....
 Bolt of Fire             Conj/Fire      #.........   100%        6    #######
 Bolt of Cold             Conj/Ice       #.........   100%        6    #######
 Lightning Bolt           Conj/Air       #.........   100%        5    ######.
 Bolt of Magma            Conj/Fire/Erth #.........   100%        5    ######.
 Slow                     Hex            #.......     98%         2    ##.....
 Confuse                  Hex            #.......     100%        3    ###....
 Invisibility             Hex            #.......     100%        6    #######
 Throw Frost              Conj/Ice       #.....       98%         2    ##.....
 Controlled Blink         Tloc           N/A          100%        8    #######
 Freezing Cloud           Conj/Ice/Air   #.........   100%        6    #######
 Mephitic Cloud           Conj/Pois/Air  #.......     100%        3    ###....
 Ring of Flames           Chrm/Fire      #.........   100%        7    #######
 Venom Bolt               Conj/Pois      #.........   100%        5    ######.
 Olgreb's Toxic Radiance  Pois           #.......     100%        4    #####..
 Teleport Other           Tloc           #.......     78%         3    ###....
 Summon Small Mammal      Summ           #...         92%         1    #......
 Bolt of Draining         Conj/Necr      #.........   100%        5    ######.
 Iskenderun's Mystic Bla  Conj           #.......     100%        4    #####..
 Summon Horrible Things   Summ           #.........   100%        8    #######
 Freeze                   Ice            #...         92%         1    #......
 Ozocubu's Refrigeration  Ice            #.........   100%        6    #######
 Summon Ice Beast         Ice/Summ       #.......     100%        4    #####..
 Ozocubu's Armour         Chrm/Ice       #.......     100%        3    ###....
 Call Imp                 Summ           #.......     98%         2    ##.....
 Dispel Undead            Necr           #.......     100%        5    ######.
 Regeneration             Chrm/Necr      #.........   100%        3    ###....
 Sting                    Conj/Pois      #...         92%         1    #......
 Sublimation of Blood     Necr           #.........   98%         2    ##.....
 Tukima's Dance           Hex            #.......     100%        3    ###....
 Summon Demon             Summ           #.........   100%        5    ######.
 Summon Greater Demon     Summ           #.........   100%        7    #######
 Corpse Rot               Necr           N/A          98%         2    ##.....
 Iron Shot                Conj/Erth      #.........   100%        6    #######
 Stone Arrow              Conj/Erth      #.....       100%        3    ###....
 Shock                    Conj/Air       #...         92%         1    #......
 Swiftness                Chrm/Air       #.......     98%         2    ##.....
 Recall                   Summ/Tloc      N/A          96%         3    ###....
 Agony                    Necr           #.......     100%        5    ######.
 Statue Form              Tmut/Erth      #........    100%        6    #######
 Ice Form                 Ice/Tmut       #.......     100%        4    #####..
 Dragon Form              Tmut           #.........   100%        7    #######
 Deflect Missiles         Chrm/Air       #.........   100%        6    #######
 Throw Icicle             Conj/Ice       #.......     100%        4    #####..
 Airstrike                Air            #.........   100%        4    #####..
 Shadow Creatures         Summ           N/A          100%        6    #######
 Confusing Touch          Hex            #.....       92%         1    #......
 Passwall                 Tmut/Erth      #.......     98%         2    ##.....
 Ignite Poison            Fire/Tmut/Pois #.......     100%        3    ###....
 Call Canine Familiar     Summ           #.......     100%        3    ###....
 Ensorcelled Hibernation  Hex/Ice        #.....       98%         2    ##.....
 Metabolic Englaciation   Hex/Ice        #.........   100%        5    ######.
 Summon Butterflies       Summ           #.......     92%         1    #......
 Silence                  Hex/Air        #.........   100%        5    ######.
 Shatter                  Erth           #.........   100%        9    #######
 Static Discharge         Conj/Air       #.......     100%        3    ###....
 Corona                   Hex            #......      92%         1    #......
 Lee's Rapid Deconstruct  Erth           #.........   100%        5    ######.
 Simulacrum               Ice/Necr       #.........   100%        6    #######
 Conjure Ball Lightning   Conj/Air       #.........   100%        6    #######
 Excruciating Wounds      Chrm/Necr      #.........   100%        5    ######.
 Portal Projectile        Hex/Tloc       #.....       96%         3    ###....
 Monstrous Menagerie      Summ           #.........   100%        7    #######
 Petrify                  Tmut/Erth      #.......     100%        4    #####..
 Passage of Golubria      Tloc           N/A          99%         4    #####..
 Orb of Destruction       Conj           #.........   100%        7    #######
 Malign Gateway           Summ/Tloc      #.........   100%        7    #######
 Tornado                  Air            #.........   100%        9    #######
 Leda's Liquefaction      Hex/Erth       #.........   100%        4    #####..
 Summon Hydra             Summ           #.........   100%        7    #######
 Darkness                 Hex            #.........   100%        6    #######
 Shroud of Golubria       Chrm/Tloc      #.........   83%         2    ##.....
 Inner Flame              Hex/Fire       #.......     100%        3    ###....
 Aura of Abjuration       Summ           #.........   100%        5    ######.
 Iskenderun's Battlesphe  Conj/Chrm      #.......     100%        5    ######.
 Fulminant Prism          Conj/Hex       #.........   100%        4    #####..
 Dazzling Spray           Conj/Hex       #.....       100%        3    ###....
 Force Lance              Conj/Tloc      #.......     100%        4    #####..
 Infusion                 Chrm           #...         92%         1    #......
 Song of Slaying          Chrm           #.......     98%         2    ##.....
 Spectral Weapon          Hex/Chrm       #.......     100%        3    ###....
 Searing Ray              Conj           #.....       98%         2    ##.....
 Summon Forest            Summ/Tloc      #.........   100%        5    ######.
 Summon Lightning Spire   Summ/Air       #.......     100%        4    #####..
 Summon Guardian Golem    Hex/Summ       #.......     100%        3    ###....
 Spellforged Servitor     Conj/Summ      #.........   100%        7    #######
 Summon Mana Viper        Hex/Summ       #.......     100%        5    ######.
 Hydra Form               Tmut           #.........   100%        6    #######
 Irradiate                Conj/Tmut      #.........   100%        5    ######.
 Gell's Gravitas          Tloc           #.........   78%         3    ###....
 Yara's Violent Unravell  Hex/Tmut       #.........   100%        5    ######.
 Lesser Beckoning         Tloc           #.........   78%         3    ###....
 Poisonous Vapours        Pois/Air       #.....       98%         2    ##.....
 Ignition                 Fire           #.........   100%        8    #######
 Borgnjor's Vile Clutch   Necr/Erth      #.........   100%        5    ######.


Dungeon Overview and Level Annotations

Branches:
Dungeon (15/15)            Temple (1/1) D:7            Lair (6/6) D:10
 Shoals (4/4) Lair:4        Snake (4/4) Lair:3        Slime (1/5) Lair:5
    Orc (2/2) D:12            Elf (3/3) Orc:2        Vaults (5/5) D:13
  Crypt (3/3) Vaults:3       Tomb (0/3) Crypt:3      Depths (5/5) D:15
    Zot (5/5) Depths:5

Altars:
Ashenzari
Cheibriados
Dithmenos
Elyvilon
Fedhas
Gozag
Hepliaklqana
Kikubaaqudgha
Makhleb
Nemelex Xobeh
Okawaru
Qazlal
Ru
Sif Muna
Trog
Uskayaw
Vehumet
Wu Jian
Xom
Yredelemnul
Zin
The Shining One
Beogh
Jiyva

Shops:
D:5 [   D:9 (   D:12 (   D:15 *   Orc:2 (}?!   Shoals:4 (   Vaults:2 :*[%
Vaults:3 [   Depths:4 %

Portals:
Hell: Lair:6 Depths:1 Depths:2 Depths:3 Depths:4 Depths:5
Abyss: Depths:4
Pandemonium: Depths:3
Ziggurat: Depths:3

Annotations:
Zot:3 3 runed doors, Damaisaj's ghost, master MiBe


Innate Abilities, Weirdness & Mutations

You can walk on water.
You have a pair of small antennae on your head.
Scrolls take you a little longer to read.
You possess an exceptional clarity of mind.
You are clumsy. (Dex -2)
Armour fits poorly on your strangely shaped body.
Your flesh is heat resistant. (rF+)
Your spells are a little easier to cast, but a little less powerful.


Message History

Arbeogh roars a battlecry!
Your orcs go into a battle-frenzy!
Your orc is recalled.
Your orc priest is recalled.
Arbeogh hits something from afar with an antimagic trident!!
Your orc warrior is recalled.
You finish recalling your allies.
Your orc knight roars a battlecry!
Your orcs go into a battle-frenzy!
Okay, then.
Okay, then.
What are your orders? t - Shout!
Orders for allies: a - Attack new target. r - Retreat! s - Stop attacking. g - Guard the area. f - Follow me.
Anything else - Cancel.
Follow me!
Beogh accepts your kill.
You feel a bit more experienced.
You have escaped!

############.#
###.........##.#
#.......###.##.########
#.#.###...............#
#.#.##....#o.......##.#
#.#.##.#...ooo...#.##.#
#.#.##.##.{#o#o.##.##.#
#.#.....####o####..##.#
##.####8.oooo@ooo..8##.#
#........####T####...#.####
##......##..#+#..##.......#
#.##.#.#....)....#.##.##.#
#.##.#...##..).....##.##.#
#.##.##..##........##.##.##
#.#...#.##.........##.#...###
#.......รท'...................
#.#...#.##..........#.#....##


You could see the friendly Saint Roka, the friendly Agrik the orc warlord, the
friendly Arbolt the orc warlord, the friendly Arkwar the orc warlord, the
friendly Wardok the orc warlord, the friendly Zartorak the iron troll, 2
friendly orc knights, the friendly Marbork the orc knight, the friendly Ortolf
the orc knight, a friendly orc warrior, a friendly orc priest, a friendly orc
wizard and a friendly orc.

Vanquished Creatures
  Mara (Crypt:2)
  An orb of fire (Zot:5)
  2 ancient liches
  A shard shrike (shapeshifter) (Vaults:2)
  2 curse toes
  4 golden dragons
  the Enchantress (Depths:1)
  Jory (Depths:2)
  A profane servitor (Crypt:3)
  5 electric golems
  3 bone dragons
  A Hell Sentinel (Depths:4)
  3 liches
  15 Orb Guardians
  16 tentacled monstrosities
  2 deep elf blademasters (Elf:3)
  7 quicksilver dragons
  6 titans
  4 acid blobs
  An Executioner (Abyss:3)
  4 tentacled starspawn
  7 death cobs
  3 ancient champions
  2 deep elf master archers (Elf:3)
  2 sphinxes (Vaults:5)
  Kirke (Elf:1)
  5 shadow dragons
  11 storm dragons
  8 nagarajas
  4 tengu reavers
  3 draconian monks
  A revenant (Crypt:2)
  6 fire giants
  An iron dragon (Depths:4)
  2 ghost moths
  7 draconian scorchers
  3 draconian knights (Zot:1)
  A frost giant (Vaults:5)
  8 deep elf sorcerers
  A cacodemon (Zot:2)
  Louise (Shoals:1)
  18 vault wardens
  5 draconian stormcallers
  An orc warlord (Crypt:1)
  3 curse skulls (Crypt:1)
  2 draconian shifters
  A caustic shrike skeleton (Depths:1)
  3 draconian annihilators
  13 ironheart preservers
  5 deep elf elementalists
  A ghoul (Crypt:3)
  11 very ugly things
  7 green draconians
  12 stone giants
  7 black draconians
  12 vampire knights
  10 white draconians
  5 red draconians
  9 purple draconians
  2 deep elf demonologists (Elf:3)
  8 deep elf annihilators
  9 yellow draconians
  2 spark wasps (Depths:5)
  9 deep elf death magi
  A blizzard demon (Abyss:2)
  5 merfolk javelineers
  6 dire elephants (Depths:4)
  2 eidola
  9 ettins
  13 jiangshi
  2 merfolk impalers
  9 yaktaur captains
  2 deep elf high priests (Elf:3)
  3 great orbs of eyes
  5 ice dragons
  7 fire dragons
  13 naga warriors
  Erolcha (Orc:2)
  17 vault guards
  A catoblepas (D:14)
  3 rakshasas
  2 spriggan air magi
  16 anacondas
  6 death knights
  2 merfolk avatars
  9 centaur warriors
  3 satyrs
  A merfolk aquamancer (Shoals:4)
  35 two-headed ogres
  7 deep troll shamans
  Erica (D:8)
  13 ogre magi
  4 tengu warriors
  8 thrashing horrors
  16 dancing weapons
  2 deep troll earth magi
  3 death yaks
  7 vampire magi
  6 hell knights
  9 naga sharpshooters
  A titan zombie (Vaults:5)
  7 shock serpents
  4 spriggan berserkers (Depths:3)
  11 deep elf knights
  3 iron trolls
  2 sun demons (Abyss:1)
  9 wretched stars
  A soul eater (Abyss:1)
  A salamander mystic (Snake:4)
  2 sixfirhies (Abyss:1)
  13 skeletal warriors
  3 shadow wraiths
  5 unseen horrors
  A ghost moth zombie (Crypt:1)
  13 sea snakes
  20 deep trolls
  A spatial maelstrom (Abyss:1)
  6 glowing orange brains
  7 naga ritualists
  18 large abominations
  3 flayed ghosts
  6 phantasmal warriors
  An anaconda zombie (Crypt:2)
  4 deep elf archers
  14 ironbrand convokers
  5 wizards
  Pikel (D:5)
  16 harpies
  12 necromancers
  5 mana vipers
  4 orc knights
  47 deep elf magi
  4 fire giant zombies (Depths:2)
  6 fauns
  5 cyclopes
  29 ugly things
  7 slime creatures
  A manticore (shapeshifter) (Depths:3)
  4 orc sorcerers
  4 frost giant zombies
  11 salamanders
  20 moths of wrath
  3 manticores
  3 worldbinders
  A shadow dragon skeleton (Crypt:1)
  3 wolf spiders
  36 black mambas
  A black mamba (shapeshifter) (Vaults:5)
  10 guardian serpents
  4 elephants
  10 vault sentinels
  3 stone giant skeletons
  A water nymph (Shoals:2)
  A dire elephant zombie (Crypt:2)
  2 merfolk sirens (Shoals:4)
  An apocalypse crab (Abyss:1)
  A spriggan zombie (Depths:1)
  A torpor snail (Lair:6)
  4 orange demons
  13 naga magi
  7 smoke demons
  A kobold demonologist (D:13)
  3 spiny frogs
  3 rime drakes (Lair:6)
  5 ice statues (IceCv)
  A red draconian zombie (Crypt:1)
  A demonic crawler (D:13)
  A hellion (Abyss:1)
  13 freezing wraiths
  3 anaconda simulacra (IceCv)
  2 tormentors
  An efreet (Abyss:1)
  A yaktaur (shapeshifter) (Vaults:3)
  2 komodo dragons (Lair:3)
  2 hellwings (Abyss:1)
  2 tengu conjurers
  5 ancient zymes
  A red devil (Abyss:1)
  46 yaktaurs
  2 ice devils
  A queen bee (Lair:4)
  A yaktaur skeleton (Depths:1)
  6 trolls
  A meliai (shapeshifter) (Abyss:3)
  A meliai (Lair:4)
  A polar bear (Lair:6)
  17 merfolk
  2 queen bees (shapeshifter)
  5 wind drakes (Shoals:4)
  6 hornets
  A sphinx simulacrum (Vaults:5)
  17 raiju
  A hornet (shapeshifter) (Vaults:3)
  3 blink frogs (Abyss:2)
  Grinder (D:5)
  A hippogriff (shapeshifter) (Depths:3)
  5 snapping turtles
  2 dream sheep
  4 hippogriffs
  A meliai zombie (D:15)
  Sigmund (D:5)
  38 starcursed masses
  3 ynoxinuls
  63 flying skulls
  15 wraiths
  3 wyverns
  10 shadows
  2 vampires
  4 spriggans
  13 water elementals
  3 dire elephant simulacra (IceCv)
  17 yaks
  A golden eye (Abyss:1)
  2 basilisks
  3 neqoxecs
  2 fire bats (Abyss:3)
  6 fire elementals
  A hungry ghost (D:14)
  A steam dragon (D:10)
  A yaktaur simulacrum (Depths:1)
  A vampire mosquito (D:12)
  3 chaos spawn
  An iron troll simulacrum (IceCv)
  7 wargs
  38 nagas
  A harpy simulacrum (IceCv)
  2 soldier ants (D:10)
  11 water moccasins
  An acid dragon (D:14)
  A hydra simulacrum (IceCv)
  3 hell hounds
  3 porcupines
  A tengu skeleton (Depths:1)
  9 ice beasts
  2 floating eyes (Depths:2)
  6 sky beasts
  2 black bears
  Duvessa (D:4)
  2 eyes of draining
  An ice beast (shapeshifter) (Vaults:1)
  7 orc warriors
  6 necrophages
  2 slaves (D:5)
  7 phantoms
  11 centaurs
  7 wolves
  16 boggarts
  15 small abominations
  34 ogres
  A dream sheep skeleton (Crypt:2)
  3 crocodiles
  A swamp dragon skeleton (Crypt:2)
  2 big kobolds
  An elf zombie (Crypt:2)
  A rime drake skeleton (Crypt:2)
  9 bullfrogs
  Blork the orc (D:5)
  A salamander skeleton (Crypt:1)
  Dowan (D:4)
  2 earth elementals
  3 wyvern skeletons
  3 scorpions
  A warg skeleton (Crypt:1)
  19 wights
  4 human simulacra
  10 killer bees
  5 howler monkeys
  2 troll skeletons
  3 electric eels (Snake:3)
  A howler monkey (shapeshifter) (Vaults:5)
  3 crimson imps
  2 bullfrog zombies
  2 quasits
  5 centaur zombies
  Crazy Yiuf (D:5)
  6 jellies
  7 centaur skeletons
  6 bullfrog skeletons
  5 hounds
  6 orc priests
  7 orc wizards
  2 iron imps
  Ijyb (D:3)
  16 worker ants
  Natasha (thrice) (D:3)
  11 iguanas
  A killer bee zombie (Crypt:1)
  3 hound zombies
  3 hound skeletons
  2 howler monkey skeletons
  A howler monkey zombie (Crypt:2)
  15 adders
  A river rat (D:10)
  2 shadow imps
  3 white imps
  3 ufetubi (Abyss:1)
  An ooze (D:1)
  An adder zombie (D:6)
  2 dart slugs (D:1)
  2 leopard geckos
  29 orcs
  8 giant cockroaches
  8 goblins
  5 hobgoblins
  11 jackals
  20 kobolds
  2 quokkas
  2 ball pythons
  7 bats
  9 frilled lizards
  A leopard gecko skeleton (D:5)
  A leopard gecko zombie (Crypt:1)
  An orc skeleton (Crypt:1)
  3 quokka skeletons
  7 rats
  4 crawling corpses
  7 fungi
  25 plants
  2 starspawn tentacles
1915 creatures vanquished.

Vanquished Creatures (collateral kills)
  3 orbs of fire
  An ancient lich (Vaults:5)
  Margery (Vaults:2)
  2 Killer Klowns (Zot:5)
  Nikola (Shoals:1)
  A golden dragon (Zot:4)
  A bone dragon (Crypt:3)
  A hellephant (Depths:4)
  A lich (Vaults:4)
  Asterion (Snake:1)
  A titan (Vaults:5)
  The ghost of Yga Pusyxe the Tortoise, an adept GrFi of Makhleb (Crypt:1)
  The ghost of inc the Ogre Mage, an adept OgFE of Okawaru (Snake:3)
  13 Orb Guardians
  A quicksilver dragon (Zot:2)
  3 ancient champions
  Frances (Shoals:1)
  3 tengu reavers
  8 nagarajas
  2 storm dragons
  A revenant (Crypt:3)
  A fire giant (Depths:4)
  2 draconian knights
  3 vault wardens (Vaults:2)
  3 deep elf sorcerers
  2 frost giants
  4 draconian scorchers
  A draconian stormcaller (Zot:4)
  2 ghouls (Crypt:2)
  The ghost of TheNamelessOne the Destroyer, a journeyman DrCj of Vehumet (D:15)
  3 deep elf elementalists (Elf:3)
  7 ironheart preservers
  4 spriggan defenders
  6 stone giants
  2 draconian annihilators
  12 very ugly things
  A green draconian (Zot:4)
  2 deep elf demonologists
  5 vampire knights
  2 red draconians (Depths:5)
  Azrael (Orc:1)
  10 dire elephants
  A black draconian (Depths:5)
  2 spark wasps (Depths:5)
  7 deep elf annihilators
  5 purple draconians
  2 yellow draconians (Zot:5)
  An eidolon (Vaults:3)
  6 ettins
  A merfolk javelineer (Depths:4)
  A white draconian (Zot:4)
  Snorg (Orc:1)
  2 deep elf death magi (Elf:3)
  14 jiangshi
  5 fire dragons
  4 yaktaur captains
  4 deep elf high priests
  3 merfolk impalers
  4 great orbs of eyes
  25 vault guards
  4 naga warriors
  3 hydras
  6 ice dragons
  A rakshasa (Depths:2)
  2 death knights (Crypt:3)
  A merfolk avatar (Shoals:2)
  5 anacondas
  An alligator snapping turtle (Shoals:2)
  5 ogre magi
  6 dancing weapons
  3 centaur warriors
  9 deep troll shamans
  2 death yaks
  A merfolk aquamancer (Shoals:3)
  14 two-headed ogres
  A satyr (Shoals:3)
  3 spriggan berserkers
  6 deep troll earth magi
  2 large abominations (Vaults:4)
  A vampire mage (Crypt:3)
  A titan zombie (Depths:1)
  4 naga sharpshooters
  3 shock serpents
  5 deep elf knights
  A sun demon (Depths:4)
  2 spriggans (Depths:3)
  5 small abominations
  4 iron trolls
  6 hell knights
  13 skeletal warriors
  7 sea snakes
  A sixfirhy (Lair:6)
  An unseen horror (Vaults:1)
  19 deep trolls
  3 wizards
  A shadow demon (Depths:5)
  2 naga ritualists
  3 phantasmal warriors
  3 flayed ghosts
  6 ironbrand convokers
  4 necromancers
  7 deep elf archers
  2 mana vipers
  4 orc knights
  9 harpies
  11 deep elf magi
  7 fauns
  2 orc sorcerers (Orc:2)
  10 manticores
  14 ugly things
  3 centaur zombies
  2 cyclopes
  A fire giant zombie (Crypt:1)
  2 salamanders (Snake:2)
  A frost giant skeleton (Abyss:1)
  15 elephants
  3 merfolk sirens
  8 guardian serpents
  2 water nymphs (Shoals:4)
  2 vault sentinels
  8 naga magi
  17 black mambas
  A stone giant skeleton (Vaults:5)
  A fire giant skeleton (Depths:1)
  2 torpor snails
  2 orange demons (Lair:6)
  A titan simulacrum (Crypt:3)
  6 spiny frogs
  A centaur skeleton (D:14)
  A death yak zombie (Crypt:2)
  A rime drake (shapeshifter) (Depths:2)
  16 yaktaurs
  7 komodo dragons
  A rime drake (Lair:1)
  3 freezing wraiths
  2 tengu conjurers (D:14)
  A hydra zombie (Crypt:1)
  A white draconian skeleton (Crypt:1)
  An ice devil (Lair:6)
  A jumping spider (shapeshifter) (D:15)
  2 meliai (Lair:4)
  A troll (shapeshifter) (Vaults:4)
  A troll (D:14)
  15 merfolk
  5 hornets
  A tyrant leech (shapeshifter) (Vaults:5)
  2 wind drakes
  A hydra skeleton (Crypt:2)
  2 blink frogs (Abyss:2)
  A raiju (Abyss:2)
  A death drake skeleton (Crypt:2)
  4 slime creatures
  2 snapping turtles
  8 dream sheep
  7 hippogriffs
  21 flying skulls
  An iron dragon simulacrum (Crypt:3)
  2 shadows (Crypt:2)
  2 air elementals (Elf:3)
  A redback (shapeshifter) (D:14)
  3 wraiths (Crypt:3)
  A spriggan (shapeshifter) (Elf:2)
  A ynoxinul (Abyss:2)
  3 basilisks
  9 water elementals
  28 yaks
  A steam dragon (D:13)
  2 wyverns
  3 hungry ghosts
  A chaos spawn (D:1)
  2 vampire mosquitoes (D:12)
  A warg (Vaults:2)
  A soldier ant (D:12)
  15 nagas
  2 hell hounds
  16 water moccasins
  2 floating eyes (shapeshifter) (Vaults:5)
  A porcupine (Lair:2)
  4 orc warriors
  5 starcursed masses
  A phantom (D:14)
  2 necrophages
  2 wolves
  13 ogres
  A boggart (Depths:1)
  A snapping turtle skeleton (Crypt:3)
  4 centaurs
  7 crocodiles
  5 big kobolds
  An elf zombie (Crypt:1)
  10 bullfrogs
  A glowing shapeshifter simulacrum (Depths:1)
  An earth elemental (Orc:2)
  An elf skeleton (Crypt:1)
  A wyvern zombie (D:8)
  A scorpion (D:12)
  12 killer bees (Lair:4)
  7 wights
  An electric eel (Snake:2)
  2 crimson imps
  2 bullfrog zombies
  2 bullfrog skeletons
  3 orc wizards
  2 iguanas
  4 worker ants
  A worker ant zombie (D:9)
  9 adders
  4 orcs
  A quokka (D:10)
  An orc simulacrum (Crypt:2)
  A bush (Lair:6)
  4 crawling corpses
  27 fungi
  51 plants
926 creatures vanquished.

Vanquished Creatures (others)
  An Orb Guardian (Zot:5)
  4 orc warlords
  2 deep elf sorcerers (Elf:3)
  A draconian stormcaller (Zot:5)
  A vampire knight (Depths:2)
  A deep elf death mage (Elf:3)
  2 jiangshi (Crypt:3)
  4 orc high priests
  Nergalle (thrice) (Vaults:2 Depths:4 Depths:5)
  A naga sharpshooter (Snake:3)
  A deep elf knight (Elf:3)
  25 orc knights
  A deep troll (Depths:3)
  A glowing orange brain (Depths:3)
  5 orc sorcerers
  A shining eye (Depths:2)
  4 moths of wrath (Zot:5)
  A centaur skeleton (D:14)
  An efreet (D:14)
  A raiju (Abyss:1)
  A water elemental (Elf:3)
  27 orc warriors
  A fire elemental (Orc:1)
  4 humans (Elf:1)
  A naga (Snake:4)
  2 small abominations
  2 slaves (D:5)
  An ogre (Vaults:2)
  A boggart (Depths:1)
  An electric eel (D:14)
  A starcursed mass (Abyss:2)
  28 orc priests
  25 orc wizards
  A shadow imp (Abyss:1)
  45 orcs
  A crawling corpse (Elf:3)
  A fire vortex (D:13)
  20 fungi
  3 lurking horrors
  21 plants
  15 starspawn tentacles
263 creatures vanquished.

Grand Total: 3104 creatures vanquished

Notes
Turn   | Place    | Note
-------+----------+-------------------------------------------
     0 | D:1      | Ezendos the Hill Orc Monk began the quest for the Orb.
     0 | D:1      | Reached XP level 1. HP: 19/19 MP: 1/1
   345 | D:1      | Reached skill level 4 in Fighting
   348 | D:1      | Reached XP level 2. HP: 25/27 MP: 2/2
   692 | D:1      | Reached XP level 3. HP: 29/34 MP: 3/3
  1110 | D:2      | Found a radiant altar of Vehumet.
  1297 | D:2      | Reached skill level 5 in Fighting
  1518 | D:2      | Found a burning altar of Makhleb.
  1520 | D:2      | Found a glowing silver altar of Zin.
  1520 | D:2      | Noticed an angel
  1520 | D:2      | Noticed a blizzard demon
  1748 | D:3      | Reached XP level 4. HP: 41/42 MP: 4/4
  1809 | D:3      | Found a sparkling altar of Nemelex Xobeh.
  1933 | D:3      | Noticed Ijyb
  1977 | D:3      | Killed Ijyb
  1977 | D:3      | Reached skill level 5 in Axes
  1983 | D:3      | Noticed Natasha
  2001 | D:3      | Killed Natasha
  2001 | D:3      | Reached skill level 1 in Armour
  2001 | D:3      | Reached XP level 5. HP: 18/50 MP: 5/5
  2284 | D:3      | Noticed Natasha
  2315 | D:3      | Killed Natasha
  2382 | D:3      | Noticed Natasha
  2553 | D:3      | Reached skill level 6 in Fighting
  2773 | D:3      | Killed Natasha
  2939 | D:3      | Reached XP level 6. HP: 55/58 MP: 6/6
  3093 | D:4      | Noticed a phantom
  3342 | D:3      | Reached skill level 7 in Fighting
  3543 | D:4      | Killed a phantom
  3543 | D:4      | Reached XP level 7. HP: 66/67 MP: 7/7
  3830 | D:4      | Noticed Duvessa
  3830 | D:4      | Noticed Dowan
  3837 | D:4      | Killed Duvessa
  3837 | D:4      | Reached skill level 8 in Fighting
  3868 | D:4      | Killed Dowan
  3997 | D:4      | Became a worshipper of Beogh the Brigand
  3997 | D:4      | Reached * piety under Beogh
  3997 | D:4      | Reached ** piety under Beogh
  4094 | D:5      | Entered Level 5 of the Dungeon
  4121 | D:5      | Reached skill level 9 in Fighting
  4121 | D:5      | Reached skill level 1 in Invocations
  4145 | D:5      | Reached XP level 8. HP: 61/78 MP: 9/9
  4412 | D:5      | Noticed Pikel
  4440 | D:5      | Killed Pikel
  4474 | D:5      | Reached skill level 10 in Fighting
  4474 | D:5      | Reached skill level 5 in Invocations
  4509 | D:5      | Found a snail-covered altar of Cheibriados.
  4509 | D:5      | Noticed Grinder
  4540 | D:5      | Killed Grinder
  4608 | D:5      | Noticed Blork the orc
  4620 | D:5      | Killed Blork the orc
  4620 | D:5      | Reached XP level 9. HP: 75/85 MP: 13/13
  4638 | D:5      | Found Roaczaos's Armour Boutique.
  4818 | D:5      | Noticed Sigmund
  4820 | D:5      | Killed Sigmund
  4997 | D:5      | Reached skill level 10 in Axes
  5177 | D:5      | Found a runed door.
  5181 | D:5      | Noticed Crazy Yiuf
  5194 | D:5      | Killed Crazy Yiuf
  5462 | D:6      | Found a shattered altar of Ashenzari.
  6142 | D:7      | Found a hide-covered altar of Uskayaw.
  6388 | D:7      | Found a staircase to the Ecumenical Temple.
  6567 | D:7      | Reached XP level 10. HP: 56/93 MP: 15/15
  6672 | D:8      | Reached *** piety under Beogh
  6753 | D:8      | Noticed a two-headed ogre
  6795 | Temple   | Entered the Ecumenical Temple
  7023 | D:8      | Noticed Erica
  7030 | D:8      | Killed Erica
  7111 | D:8      | Killed a two-headed ogre
  7430 | D:8      | Found an opulent altar of Gozag.
  7440 | D:8      | Reached skill level 11 in Fighting
  8116 | D:9      | Found Makir's Antique Weapon Shoppe.
  8433 | D:9      | Reached **** piety under Beogh
  8540 | D:10     | Entered Level 10 of the Dungeon
  8541 | D:10     | Found an iron altar of Okawaru.
  8645 | D:10     | Reached skill level 5 in Armour
  8645 | D:10     | Reached XP level 11. HP: 75/104 MP: 16/16
  8666 | D:10     | Reached skill level 12 in Fighting
  8733 | D:10     | Noticed a death yak
  8738 | D:10     | Noticed a death yak
  8741 | D:10     | Noticed a death yak
  8792 | D:8      | Killed a death yak
  8993 | D:10     | Found a staircase to the Lair.
  9254 | D:10     | Noticed a deep elf mage
  9472 | D:10     | Noticed a skeletal warrior
  9546 | D:9      | Killed a death yak
  9636 | D:10     | Reached skill level 15 in Axes
  9679 | D:10     | Killed a deep elf mage
  9680 | D:10     | Noticed a necromancer
  9688 | D:10     | Killed a necromancer
  9688 | D:10     | Reached skill level 13 in Fighting
  9957 | D:10     | Paralysed by a hornet for 3 turns
 10704 | D:10     | Reached XP level 12. HP: 115/115 MP: 17/17
 10902 | Lair:1   | Entered Level 1 of the Lair of Beasts
 10937 | Lair:1   | Got a scorched chain mail
 10973 | D:10     | Identified the +0 chain mail of Foolhardiness {rF++} (You found it on level 1 of the Lair of Beasts)
 11162 | D:11     | Reached skill level 14 in Fighting
 11382 | D:11     | Noticed a two-headed ogre
 11394 | D:11     | Killed a two-headed ogre
 11394 | D:11     | Reached ***** piety under Beogh
 11519 | Lair:1   | Reached skill level 1 in Shields
 12164 | D:11     | Reached skill level 5 in Shields
 12604 | D:12     | Noticed Nergalle
 12688 | D:12     | Found Xupo's Weapon Shop.
 12690 | D:12     | Found a staircase to the Orcish Mines.
 13492 | D:9      | Killed a death yak
 14112 | Lair:2   | Got a pair of translucent gloves
 14118 | Lair:2   | Identified the +0 pair of gloves "Docygiw" {rElec} (You found it on level 2 of the Lair of Beasts)
 14512 | Lair:3   | Noticed a death yak
 14521 | Lair:3   | Killed a death yak
 14561 | Lair:3   | Noticed a four-headed hydra
 14567 | Lair:3   | Killed an eight-headed hydra
 14576 | Lair:3   | Gained Bogdan as an ally
 14576 | Lair:3   | Reached XP level 13. HP: 122/125 MP: 18/18
 14652 | Lair:3   | Found a staircase to the Snake Pit.
 14665 | Lair:3   | Reached skill level 15 in Fighting
 14801 | Lair:3   | Gained Wardok as an ally
 15663 | Lair:3   | Reached ****** piety under Beogh
 15663 | Lair:3   | Gained Arbeogh as an ally
 15762 | Lair:4   | Found a staircase to the Shoals.
 17017 | Lair:5   | Upgraded the game from 0.23-a0-4-g8f018a2 to 0.23-a0-8-gb809bb7
 17026 | Lair:5   | Reached skill level 16 in Fighting
 17074 | Lair:5   | Reached skill level 10 in Shields
 17370 | Lair:5   | Found a viscous altar of Jiyva.
 17371 | Lair:5   | Found a staircase to the Slime Pits.
 18028 | Lair:6   | Entered Level 6 of the Lair of Beasts
 18288 | Lair:6   | Noticed a dire elephant
 18303 | Lair:6   | Killed a dire elephant
 18515 | Lair:6   | Reached XP level 14. HP: 98/138 MP: 19/19
 18845 | Lair:6   | Reached skill level 17 in Fighting
 18862 | Lair:6   | Got a twisted rapier
 18892 | Lair:6   | Identified the +10 rapier of Ovvaon {holy, MR- Dex+4} (You found it on level 6 of the Lair of Beasts)
 19122 | Lair:6   | Noticed a dire elephant
 19132 | Lair:6   | Killed a dire elephant
 19183 | Lair:6   | Found a burning altar of Makhleb.
 19215 | Lair:6   | Gained Agrik as an ally
 19357 | Lair:6   | Found a gateway to Hell.
 19366 | Lair:6   | Got a distressingly furry hat
 19372 | Lair:6   | Identified the +1 hat of the Zebra {Int+4} (You found it on level 6 of the Lair of Beasts)
 20643 | D:12     | Reached skill level 10 in Invocations
 22039 | D:13     | Found a gate to the Vaults.
 22705 | D:14     | Reached XP level 15. HP: 138/147 MP: 22/22
 22818 | D:14     | Got a brightly glowing long sword
 22820 | D:14     | Identified the cursed +0 long sword of Ines {freeze, *Slow rElec rN+} (You found it on level 14 of the Dungeon)
 22921 | D:14     | Found a portal to a secret trove of treasure.
 23165 | D:15     | Entered Level 15 of the Dungeon
 23183 | D:15     | Found Ducwato's General Store.
 23192 | D:15     | Bought a scroll of fear for 42 gold pieces
 23300 | D:15     | Reached skill level 15 in Shields
 23448 | D:15     | Found a transporter.
 23450 | D:15     | Noticed a fire giant
 23452 | D:15     | Noticed TheNamelessOne's ghost (journeyman DrCj)
 23486 | D:15     | Found a transporter.
 23762 | D:15     | Found a staircase to the Depths.
 23824 | D:15     | Paralysed by a crimson imp for 5 turns
 24074 | D:15     | Reached skill level 10 in Armour
 24390 | D:14     | Upgraded the game from 0.23-a0-8-gb809bb7 to 0.23-a0-14-g8c9a20f
 24479 | Orc:1    | Entered Level 1 of the Orcish Mines
 24547 | Orc:1    | Found a roughly hewn altar of Beogh.
 24578 | Orc:1    | Found a roughly hewn altar of Beogh.
 24747 | Orc:2    | Entered Level 2 of the Orcish Mines
 24877 | Orc:2    | Gained Beowulf as an ally
 24877 | Orc:2    | Gained Berold as an ally
 24928 | Orc:2    | Found a staircase to the Elven Halls.
 24985 | Orc:2    | Found Nerch's Jewellery Shoppe.
 25037 | Orc:2    | Found Vedoun's Distillery.
 25223 | Orc:2    | Noticed Azrael
 25289 | Orc:1    | Killed Azrael
 25508 | Orc:2    | Bought a potion of cancellation for 120 gold pieces
 25508 | Orc:2    | Bought a potion of mutation for 120 gold pieces
 25521 | Orc:2    | Found a radiant altar of Vehumet.
 25521 | Orc:2    | Noticed Erolcha
 25532 | Orc:2    | Killed Erolcha
 25534 | Orc:2    | Found Tuomyes's Magic Scroll Shoppe.
 25560 | Orc:2    | Found an ancient bone altar of Kikubaaqudgha.
 25812 | Orc:2    | Found a roughly hewn altar of Beogh.
 25812 | Orc:2    | Found Seqyph's Gadget Shoppe.
 25812 | Orc:2    | Found Ijuicer's Antique Weapon Emporium.
 25886 | Orc:2    | Bought 2 scrolls of summoning for 266 gold pieces
 25886 | Orc:2    | Bought a scroll of identify for 28 gold pieces
 25886 | Orc:2    | Bought a scroll of identify for 28 gold pieces
 25886 | Orc:2    | Bought a scroll of enchant weapon for 105 gold pieces
 25886 | Orc:2    | Bought a scroll of enchant armour for 105 gold pieces
 26194 | Orc:1    | Noticed Snorg
 26203 | Orc:1    | Killed Snorg
 26497 | Shoals:1 | Entered Level 1 of the Shoals
 26631 | Shoals:1 | Noticed Frances
 26718 | Shoals:1 | Killed Frances
 26719 | Shoals:1 | Gained Boldo as an ally
 26801 | Shoals:1 | Noticed Nikola
 26813 | Shoals:1 | Killed Nikola
 26813 | Shoals:1 | Reached skill level 18 in Fighting
 26867 | Shoals:1 | Noticed Louise
 26876 | Shoals:1 | Killed Louise
 27264 | Shoals:1 | Reached XP level 16. HP: 137/157 MP: 23/23
 27422 | Shoals:1 | Reached skill level 1 in Throwing
 27431 | Shoals:1 | Gained Orkrul as an ally
 28171 | Shoals:2 | Reached skill level 1 in Slings
 28832 | Shoals:3 | Reached skill level 1 in Polearms
 28962 | Shoals:3 | Found a frozen archway.
 28971 | IceCv    | Entered an ice cave
 29868 | IceCv    | Got a faintly glowing spear
 29968 | Shoals:3 | Gained Wulfoc as an ally
 30026 | Shoals:3 | Identified the cursed +1 spear "Qeikheg" {pierce, MR+} (You found it in an ice cave)
 30293 | Shoals:3 | Reached skill level 5 in Slings
 30634 | Shoals:4 | Entered Level 4 of the Shoals
 30634 | Shoals:4 | Found Yzedut's Antique Weapon Emporium.
 30673 | Shoals:3 | Gained Bogdar as an ally
 30948 | Snake:1  | Entered Level 1 of the Snake Pit
 31588 | Snake:1  | Noticed Asterion
 31595 | Snake:1  | Noticed an Executioner
 31595 | Snake:1  | Killed Asterion
 31994 | Snake:2  | Reached skill level 19 in Fighting
 32297 | Snake:2  | Reached XP level 17. HP: 129/168 MP: 24/24
 32302 | Snake:2  | Your ally Boldo died
 32329 | Snake:2  | Your ally Orkrul died
 32339 | Snake:2  | Your ally Bogdar died
 32340 | Snake:2  | Your ally Wulfoc died
 33615 | Shoals:4 | Got an ancient broad axe
 33622 | Shoals:4 | Identified the Catalogue of Supportive Orientation
 33628 | Shoals:4 | Identified the +9 broad axe "Lyhesuef" {freeze, Dex+4} (You found it on level 4 of the Shoals)
 34747 | D:5      | Bought the +3 helmet of the Last Wishes {Str+3 Int+2} for 444 gold pieces
 35754 | Shoals:4 | Got a smoking glass ring
 35756 | Shoals:4 | Identified the ring of Suspected Treachery {MP+9 Slay+2} (You found it on level 4 of the Shoals)
 35898 | Shoals:4 | Got a barnacled rune of Zot
 36324 | Elf:1    | Entered Level 1 of the Elven Halls
 36530 | Elf:1    | Noticed Kirke
 36547 | Elf:1    | Noticed a sphinx
 36549 | Elf:1    | Killed Kirke
 37510 | Elf:2    | Reached skill level 10 in Slings
 37839 | Vaults:1 | Entered Level 1 of the Vaults
 37879 | D:13     | Your ally Beowulf died
 37881 | D:13     | Your ally Arbeogh died
 38204 | Vaults:1 | Reached XP level 18. HP: 165/178 MP: 25/25
 38543 | Vaults:1 | Learned a level 2 spell: Blink
 38545 | Vaults:1 | Learned a level 1 spell: Apportation
 38629 | Vaults:1 | Identified a scroll of acquirement
 38738 | Vaults:1 | Reached skill level 20 in Fighting
 39349 | Vaults:1 | Gained Bogbarth as an ally
 39350 | Vaults:1 | Gained Arbeogh as an ally
 40536 | Vaults:2 | Noticed Margery
 40677 | Vaults:2 | Noticed Saint Roka
 41729 | Vaults:2 | Reached skill level 1 in Translocations
 41739 | Vaults:2 | Reached skill level 1 in Spellcasting
 41739 | Vaults:2 | Reached XP level 19. HP: 139/185 MP: 26/26
 41903 | Vaults:2 | Noticed a shard shrike
 41909 | Vaults:2 | Killed a shard shrike
 41965 | Vaults:2 | Killed Margery
 41971 | Vaults:2 | Your ally died
 41987 | Vaults:2 | Found Edosche's Antique Armour Emporium.
 42104 | Vaults:2 | Gained Arbeogh as an ally
 42318 | Vaults:2 | Found Totwessi's Book Emporium.
 42318 | Vaults:2 | Found Lomuplug's General Store.
 42336 | Vaults:2 | Found Xuxkuco's Food Emporium.
 42517 | Vaults:3 | Found Vicw's Armour Shoppe.
 43414 | Vaults:3 | Found a staircase to the Crypt.
 44552 | Vaults:3 | Bought the +9 scales of the Dragon King {rPois rF+ rC+ MR+} for 2371 gold pieces
 44552 | Vaults:3 | Found the +9 scales of the Dragon King {rPois rF+ rC+ MR+}
 45469 | Snake:3  | Gained Dorog as an ally
 45484 | Snake:3  | Gained Zorug as an ally
 45570 | Snake:3  | Your ally Dorog died
 45572 | Snake:3  | Reached XP level 20. HP: 102/195 MP: 27/27
 45763 | Snake:3  | Noticed inc's ghost (adept OgFE)
 45833 | Snake:3  | Found a transporter.
 45884 | Snake:3  | Found a transporter.
 46123 | Snake:3  | Your ally Zorug died
 46889 | Snake:4  | Entered Level 4 of the Snake Pit
 46903 | Snake:4  | Gained Alork as an ally
 46917 | Snake:4  | Your ally Alork died
 47737 | Snake:4  | Gained Blodwig as an ally
 47855 | Snake:4  | Your ally Blodwig died
 47871 | Snake:4  | Reached skill level 21 in Fighting
 47875 | Snake:4  | Gained Wargath as an ally
 47899 | Snake:4  | Your ally Wargath died
 47901 | Snake:4  | Gained Blodwig as an ally
 47910 | Snake:4  | Gained Garbold as an ally
 47910 | Snake:4  | Your ally Blodwig died
 47923 | Snake:4  | Gained Brunolf as an ally
 48621 | Elf:2    | Found a huge runed gate.
 48621 | Elf:2    | Found a huge runed gate.
 48621 | Elf:2    | Found a huge runed gate.
 48624 | Elf:2    | Found a huge runed gate.
 48631 | Elf:2    | Found a huge runed gate.
 49732 | Elf:2    | Reached XP level 21. HP: 200/204 MP: 28/28
 49848 | Elf:3    | Entered Level 3 of the Elven Halls
 50412 | Elf:3    | Reached skill level 15 in Armour
 50669 | Elf:3    | Your ally Bogdan died
 50669 | Elf:3    | Your ally Brunolf died
 51326 | Vaults:4 | Gained Gorbash as an ally
 51378 | Vaults:4 | Gained Hawl as an ally
 52680 | Snake:4  | Got a serpentine rune of Zot
 53173 | Depths:1 | Entered Level 1 of the Depths
 53173 | Depths:1 | Noticed the Enchantress
 53177 | Depths:1 | Killed the Enchantress
 53377 | Depths:1 | Got a translucent great sword
 53385 | Depths:1 | Identified the cursed +1 great sword of Extinguishment {flame, +Inv rN+ Dex-2} (You found it on level 1 of the Depths)
 53753 | Depths:1 | Reached XP level 22. HP: 215/215 MP: 29/29
 54193 | Depths:1 | Reached skill level 22 in Fighting
 54832 | Depths:1 | Your ally Berold died
 55460 | Depths:2 | Gained Ognian as an ally
 55772 | Depths:2 | Noticed Jory
 55775 | Depths:2 | Found an ancient bone altar of Kikubaaqudgha.
 55794 | Depths:2 | Killed Jory
 55963 | Depths:2 | Paralysed by a floating eye for 3 turns
 55984 | Depths:2 | Your ally Ognian died
 56040 | Depths:2 | Your ally Bogbarth died
 56041 | Depths:2 | Your ally Gorbash died
 56043 | Depths:2 | Paralysed by a floating eye for 3 turns
 56572 | Depths:3 | Found a gateway to a ziggurat.
 57130 | Depths:3 | Reached XP level 23. HP: 195/224 MP: 30/30
 57557 | Depths:3 | Found a one-way gate leading to the halls of Pandemonium.
 57611 | Depths:3 | Got a slimy hunting sling
 57612 | Depths:3 | Identified the cursed +2 hunting sling "Qukoqi" {flame, rF+} (You found it on level 3 of the Depths)
 58120 | Depths:4 | Your ally died
 58316 | Depths:4 | Found Xuqon Lips's Food Shop.
 58539 | Depths:4 | Found a one-way gate to the infinite horrors of the Abyss.
 58655 | Depths:5 | Entered Level 5 of the Depths
 58664 | Depths:5 | Your ally Arbeogh died
 58666 | Depths:5 | Your ally Garbold died
 58678 | Depths:5 | Your ally died
 58680 | Depths:5 | Your ally Hawl died
 59015 | Depths:4 | Upgraded the game from 0.23-a0-14-g8c9a20f to 0.23-a0-29-g1be82e5
 59837 | Elf:3    | Gained Morun as an ally
 59847 | Elf:3    | Your ally Morun died
 59852 | Elf:3    | Reached skill level 23 in Fighting
 60341 | Elf:3    | Identified the Volume of the Traveller and Poison
 60368 | Elf:3    | Identified Ywnelluq's Collected Works on Hurtful Ice
 61317 | Crypt:1  | Entered Level 1 of the Crypt
 62643 | Crypt:1  | Reached XP level 24. HP: 192/235 MP: 30/30
 62854 | Crypt:1  | Found a runed gate.
 62855 | Crypt:1  | Found a runed gate.
 62860 | Crypt:1  | Found a runed gate.
 62874 | Crypt:1  | Noticed Yga Pusyxe's ghost (adept GrFi)
 63047 | Crypt:1  | Found an iron altar of Okawaru.
 63278 | D:15     | Gained Arbolt as an ally
 63289 | D:15     | Killed TheNamelessOne's ghost
 63311 | D:15     | Got a bloodstained great mace {flame}
 63435 | Lair:1   | Identified the +9 great mace "Death Rattle" {flame, Fragile MR++ Dex+8 Stlth-} (You took it off a fire giant on level 15 of the Dungeon)
 63586 | Snake:3  | Gained Arkwar as an ally
 63595 | Snake:3  | Killed inc's ghost
 63657 | Snake:3  | Got a bloodstained war axe {flame}
 63658 | Snake:3  | Identified the +11 war axe of Impatience {flame, rElec Int+2} (You took it off a naga warrior on level 3 of the Snake Pit)
 64008 | Vaults:2 | Bought a scroll of identify for 24 gold pieces
 64008 | Vaults:2 | Bought a manual of Armour for 1324 gold pieces
 64008 | Vaults:2 | Bought a scroll of blinking for 90 gold pieces
 65062 | Crypt:2  | Noticed Mara
 65074 | Crypt:2  | Noticed Ezendos's illusion
 65095 | Crypt:2  | Your ally Ognian died
 65098 | Crypt:2  | Killed Mara
 65779 | Crypt:3  | Entered Level 3 of the Crypt
 65977 | Crypt:3  | Found a basalt altar of Yredelemnul.
 66363 | Crypt:3  | Found the +8 demon blade "Bloodbane" {slice, *Rage +Rage Stlth-}
 66516 | Crypt:3  | Reached skill level 5 in Dodging
 66868 | Crypt:3  | Identified the Papyrus of Freezing Air
 66927 | Crypt:3  | Found a staircase to the Tomb.
 66997 | Crypt:3  | Got a brightly glowing amber ring
 67000 | Crypt:3  | Identified the ring of Megalomania {rPois AC+4 Str+6} (You acquired it on level 3 of the Crypt)
 69512 | Depths:5 | Found a gate to the Realm of Zot.
 69625 | Depths:5 | Found an opulent altar of Gozag.
 70395 | Vaults:5 | Entered Level 5 of the Vaults
 70406 | Vaults:4 | Reached XP level 25. HP: 239/243 MP: 31/32
 70954 | Vaults:5 | Reached skill level 15 in Invocations
 71406 | Vaults:5 | Gained Zartorak as an ally
 71442 | Vaults:5 | Noticed an ancient lich
 71453 | Vaults:5 | Killed an ancient lich
 71501 | Vaults:5 | Identified Theurgy, Part Five
 72190 | Vaults:5 | Reached XP level 26. HP: 232/250 MP: 35/35
 72263 | Vaults:5 | Noticed an ancient lich
 72273 | Vaults:5 | Killed an ancient lich
 73429 | Vaults:5 | Got an ancient pewter ring
 73434 | Vaults:5 | Identified the cursed ring "Qeli" {rElec AC-3 Str+2 Int-3 Dex+3} (You found it on level 5 of the Vaults)
 73739 | Vaults:5 | Got a silver rune of Zot
 73934 | Crypt:1  | Gained Marbork as an ally
 73946 | Crypt:1  | Killed Yga Pusyxe's ghost
 74211 | Crypt:3  | Got a crystal falchion {slice}
 74212 | Crypt:3  | Identified the cursed +1 falchion of the Orcish Mines {slice, *Corrode rElec MR+} (You took it off a skeletal warrior on level 3 of the Crypt)
 74881 | Zot:1    | Entered Level 1 of the Realm of Zot
 77783 | Zot:2    | Gained mutation: You are clumsy. (Dex -2) [a cacodemon]
 77789 | Zot:2    | Gained mutation: You are very clumsy. (Dex -4) [a cacodemon]
 77806 | Zot:2    | Reached XP level 27. HP: 222/259 MP: 35/35
 77851 | Zot:2    | Gained mutation: Your body sometimes deteriorates upon taking damage. [a cacodemon]
 78020 | Zot:2    | Lost mutation: You are very clumsy. (Dex -4) [potion of mutation]
 78020 | Zot:2    | Lost mutation: Your body sometimes deteriorates upon taking damage. [potion of mutation]
 78020 | Zot:2    | Gained mutation: You are dopey. (Int -2) [potion of mutation]
 78020 | Zot:2    | Gained mutation: Your body sometimes deteriorates upon taking damage. [potion of mutation]
 78020 | Zot:2    | Gained mutation: You possess an exceptional clarity of mind. [potion of mutation]
 79613 | Zot:3    | Reached skill level 10 in Dodging
 79687 | Zot:3    | Reached skill level 24 in Fighting
 79977 | Zot:3    | Found a runed gate.
 79977 | Zot:3    | Found a runed gate.
 79978 | Zot:3    | Found a runed gate.
 79997 | Zot:3    | Noticed Damaisaj's ghost (master MiBe)
 79999 | Zot:3    | Noticed an ancient lich
 81236 | Zot:5    | Entered Level 5 of the Realm of Zot
 81404 | Zot:5    | Noticed an orb of fire
 81419 | Zot:4    | Killed an orb of fire
 82217 | Slime:1  | Entered Level 1 of the Pits of Slime
 82789 | Depths:4 | Voluntarily entered the Abyss.
 82942 | Abyss:2  | Gained Borgoth as an ally
 83056 | Abyss:2  | Your ally Borgoth died
 83544 | Depths:4 | Escaped the Abyss
 83744 | Depths:4 | Voluntarily entered the Abyss.
 84026 | Abyss:2  | Found a blossoming altar of Fedhas.
 84091 | Abyss:2  | Reached skill level 25 in Fighting
 84163 | Abyss:2  | Paralysed by accursed screaming for 1 turns
 84398 | Depths:4 | Escaped the Abyss
 84850 | Depths:4 | Voluntarily entered the Abyss.
 84954 | Abyss:1  | Gained mutation: Armour fits poorly on your strangely shaped body. [a neqoxec]
 84957 | Abyss:1  | Lost mutation: Your body sometimes deteriorates upon taking damage. [potion of mutation]
 84957 | Abyss:1  | Lost mutation: You are dopey. (Int -2) [potion of mutation]
 84957 | Abyss:1  | Lost mutation: You are clumsy. (Dex -2) [potion of mutation]
 84957 | Abyss:1  | Gained mutation: Your flesh is heat resistant. (rF+) [potion of mutation]
 84957 | Abyss:1  | Gained mutation: You have a pair of small antennae on your head. [potion of mutation]
 85171 | Abyss:1  | Paralysed by accursed screaming for 1 turns
 85185 | Abyss:1  | Gained Bogric as an ally
 85270 | Depths:4 | Escaped the Abyss
 85544 | Depths:4 | Voluntarily entered the Abyss.
 85693 | Depths:4 | Escaped the Abyss
 85919 | Depths:4 | Voluntarily entered the Abyss.
 86975 | Abyss:1  | Gained mutation: Scrolls take you a little longer to read. [a neqoxec]
 86976 | Depths:4 | Escaped the Abyss
 86984 | Depths:4 | Voluntarily entered the Abyss.
 87017 | Depths:4 | Escaped the Abyss
 87237 | D:14     | You paid a toll of 19 scrolls of identify to enter a treasure trove
 87238 | Trove    | Entered a treasure trove
 87241 | Trove    | Found the +2 ratskin cloak {+Rats rPois rN+ Str-1 Int-1 Dex+1}
 87243 | Trove    | Got a pair of transparent gloves
 87245 | Trove    | Got a pair of brightly glowing gloves
 87260 | Trove    | Identified a +2 pair of boots of running (You found it in a treasure trove)
 87277 | Trove    | Got a pair of polished gloves
 87288 | Trove    | Identified the +0 pair of gloves of Laop {Regen+} (You found it in a treasure trove)
 87298 | Trove    | Identified the +2 pair of gloves "Pufiad" {Dex+4} (You found it in a treasure trove)
 87322 | Trove    | Identified the +2 pair of gloves of Wydo {Str-4 Int+5 Stlth+} (You found it in a treasure trove)
 87363 | Trove    | Got a bloodstained shield
 87374 | Trove    | Identified the +3 shield "Lediotul" {rN+} (You found it in a treasure trove)
 87377 | Trove    | Got a distressingly furry chain mail
 87446 | D:14     | Identified the +1 chain mail of Awe {rC+} (You found it in a treasure trove)
 87797 | Zot:5    | Noticed an ancient lich
 87812 | Zot:5    | Killed an ancient lich
 87916 | Zot:5    | Gained Wargrak as an ally
 88460 | Zot:5    | Noticed an orb of fire
 88466 | Zot:5    | Your ally Wargrak died
 88471 | Zot:5    | Gained mutation: You are clumsy. (Dex -2) [an orb of fire]
 88477 | Zot:5    | Killed an orb of fire
 88477 | Zot:5    | Reached skill level 26 in Fighting
 88587 | Zot:5    | Noticed an orb of fire
 88595 | Zot:5    | Your ally Hawl died
 88599 | Zot:5    | Gained mutation: Your spells are a little easier to cast, but a little less powerful. [an orb of fire]
 88600 | Zot:5    | Killed an orb of fire
 88624 | Zot:5    | Got the Orb of Zot
 88638 | Zot:5    | Noticed an orb of fire
 88644 | Zot:5    | Noticed Teibymen the pandemonium lord
 88646 | Zot:5    | Killed an orb of fire
 88821 | Depths:3 | Gained Ortolf as an ally
 89263 | D:$      | Escaped with the Orb!

Vault maps used:
D:1:      grunt_arrival_crossed_arrows
D:2:      grunt_temple_overflow_order_and_chaos_2, vehumet_crystals
D:3:      nemelex_xobeh_ov_fountains_minmay, uniq_ijyb, uniq_natasha
D:4:      first_ration, mrwooster_statue_mirror, uniq_duvessa
D:5:      slow_altar_1, serial_shops, shop, minmay_misc_feat_four_crosses,
          uniq_crazy_yiuf_cottage, uniq_sigmund, uniq_blork_the_orc, uniq_pikel,
          uniq_grinder
D:6:      lemuel_crystal_altar
D:7:      lemuel_doored_altar, minmay_temple_entry_butterflies
D:8:      lemuel_crystal_altar, uniq_erica
D:9:      serial_shops, shop
D:10:     hangedman_screamer, dpeg_lair_monsters, hangedman_pestilent_swarm,
          okawaru_metal_pillars_1_2
D:11:     nicolae_lava_and_water
D:12:     orc_david_3, uniq_nergalle
D:13:     hangedman_vaults_entry_quadrant_bands, st_stairs_9,
          palyth_stone_intersect, kennysheep_small_spiral,
          nrook_guardian_serpent_double
D:14:     hangedman_decor_slide_cut, nicolae_trove_entry_crystal, st_stairs_3,
          lemuel_freeze_loot_1
D:15:     grunt_enter_depths_magical_seal, minivault_19, gammafunk_ghost_smash,
          serial_shops, shop
Temple:   minmay_freezing_vapour_temple
Lair:1:   grunt_megastairs_3
Lair:3:   beast_lair_carwin_large_1, minmay_snake_entry_six_corridors
Lair:4:   minmay_shoals_entry_beasts, special_room, grunt_megastairs_4
Lair:5:   dpeg_slime_entry_enclosed_altar, grunt_megastairs_2
Lair:6:   evil_forest, minivault_19
Shoals:1: uniq_nikola, uniq_louise, uniq_frances
Shoals:2: cheibrodos_shoals_oceanic_diplomacy
Shoals:3: portal_ice_cave_entry_dragon, nicolae_shoals_circle_sea_wall
Shoals:4: shoals_end_hangedman, serial_shops, nicolae_shop_statue_plus
Snake:1:  grunt_ministairs_1, uniq_asterion
Snake:2:  minmay_snake_pond, grunt_megastairs_1
Snake:3:  gammafunk_ghost_arena, serial_bayou_lake_a
Snake:4:  grunt_snake_rune_serpentine_throne, grunt_ministairs_12,
          serial_bayou_shore_b
Slime:1:  cheibrodos_slime_lost_civilization_10
Orc:1:    basic_altar, mines1_david, uniq_snorg
Orc:2:    kennysheep_orc_mage_school, serial_shops, shop, uniq_azrael
Elf:1:    elf_arrival_002, hangedman_elf_represent, uniq_kirke
Elf:3:    nooodl_elf_gasket
Vaults:1: hangedman_vaults_snaps, nicolae_vaults_network_periphery, v_misc_1,
          v_pattern_2, grunt_vaults_funnel, ontoclasm_vaults_decontamination,
          vaults_room_corners, nicolae_vaults_little_squares_5,
          nicolae_vaults_display_case
Vaults:2: v_misc_23, v_misc_2, v_rooms_1, nicolae_vaults_specimen_jars,
          vaults_room_hallway, hangedman_vaults_hard_town_square,
          nicolae_vaults_arrows, nicolae_vaults_ring_of_whatevers,
          vaults_standard_mumra_lines, vaults_room_door_ring, v_misc_13,
          nicolae_vaults_little_squares_1, hangedman_vaults_corner_blocks,
          serial_shops, shop_statue, uniq_saint_roka, uniq_margery
Vaults:3: nicolae_vaults_network_barrier, minmay_crypt_entry_simple_corners,
          nicolae_vaults_little_squares_4, vaults_room_grid,
          grunt_vaults_hallway_short, ontoclasm_vaults_eye,
          nicolae_vaults_little_ls, vaults_dpeg_ring, serial_shops, shop
Vaults:4: nicolae_vaults_back_hallway, nicolae_vaults_network_s,
          vaults_room_corners, v_misc_31, nicolae_vaults_fighting_squares,
          grunt_vaults_focal, vaults_room_fancy_cross,
          grunt_vaults_hallway_short, ontoclasm_vaults_pinch,
          nicolae_vaults_yaktaur_gun_rack, v_misc_4
Vaults:5: serial_shops
Crypt:1:  gammafunk_ghost_fury_of_okawaru, roderic_lattice_octagonal_star
Crypt:2:  library_closet, uniq_jory, uniq_mara
Crypt:3:  grunt_crypt_end_deaths_head
Depths:1: kennysheep_cross_room, pf_vacation_house_of_asmodeus,
          hangedman_decor_clover_reticule, minmay_checkered_concentric_circles,
          uniq_enchantress
Depths:2: lemuel_vampire_tower, hell_entry, serial_glass, glass_columns_a,
          glass_columns_b, minmay_misc_feat_rugged, infiniplex_staircase_pool_2
Depths:3: kennysheep_room_grid, enter_ziggurat_e, serial_sigils,
          serial_sigils_hangedman_scratch, serial_sigils_hangedman_clutch,
          serial_sigils_hangedman_scar, serial_sigils_hangedman_gut,
          serial_sigils_hangedman_quiver, serial_sigils_hangedman_gut,
          pan_entry, grunt_metal_band, kennysheep_crisscross,
          infiniplex_staircase_river
Depths:4: mu_elephants_graveyard, abyss_entry_small_statue_room, hell_entry,
          hangedman_abyss_or_decor_lesser_grid, serial_shops, shop,
          minmay_staircase_windowed_large, basic_stair_grate_trap
Depths:5: grunt_zot_entry_gee_three, lemuel_round_altar, hell_entry
Zot:2:    basic_stair_grate_trap
Zot:3:    gammafunk_ghost_necromancy, bh_zot_ikea_curve, zot_minivault_1
Zot:4:    nicolae_zot_stationary_front
Abyss:1:  evilmike_abyss_exit_13, hangedman_abyss_shoalhut
Abyss:2:  minivault_4, guppyfry_abyss_exit_spiral_guarded
Abyss:3:  evilmike_nicolae_abyss_rune_containment_curve,
          serial_sigils_hangedman_snap
Trove:    trove_armour_2
IceCv:    ice_cave_statue_garden_chambered

Skill      XL: |  1  2  3  4  5  6  7  8  9 10 11 12 13 14 15 16 17 18 19 20 21 22 23 24 25 26 27 |
---------------+----------------------------------------------------------------------------------+-----
Fighting       | 4 5 6 7 9 10 11 13 14 16 17 18 19 20 21 22 23 26 | 26.5
Axes           | 5 6 7 8 12 14 15 16 17 | 17.8
Armour         | 1 5 6 8 12 13 14 16 18 19 21 22 23 | 23.9
Invocations    | 2 6 7 10 12 16 17 22 | 22.3
Shields        | 7 11 14 15 16 18 19 20 22 23 25 | 25.0
Throwing       | 3 |  3.9
Slings         | 6 10 13 | 13.8
Polearms       | 3 |  3.8
Translocations | 1 4 |  4.0
Spellcasting   | 1 4 |  4.0
Dodging        | 6 8 10 | 10.0
Stealth        | |  1.5
Evocations     | |  0.5

Action                   |  1- 3 |  4- 6 |  7- 9 | 10-12 | 13-15 | 16-18 | 19-21 | 22-24 | 25-27 || total
-------------------------+-------+-------+-------+-------+-------+-------+-------+-------+-------++-------
Melee: Hand axe          |   116 |   140 |       |       |       |       |       |       |       ||   256
       War axe           |       |    52 |   388 |   793 |  1146 |   366 |       |   444 |   152 ||  3341
       Dagger            |       |       |       |    26 |    32 |       |       |       |       ||    58
       Demon trident     |       |       |       |       |       |   293 |       |       |       ||   293
       Broad axe         |       |       |       |       |       |   575 |  1046 |  1052 |  1673 ||  4346
       Fustibalus        |       |       |       |       |       |     1 |       |       |       ||     1
 Fire: Blowgun           |       |       |       |     8 |       |       |       |       |       ||     8
       Fustibalus        |       |       |       |       |       |   151 |   275 |   227 |   595 ||  1248
Throw: Stone             |    10 |     1 |     4 |       |       |       |       |       |       ||    15
       Tomahawk          |       |       |       |       |     6 |       |       |       |       ||     6
 Cast: Blink             |       |       |       |       |       |       |       |       |     1 ||     1
       Apportation       |       |       |       |       |       |       |       |       |     1 ||     1
Invok: Convert to Beogh  |       |       |     1 |       |       |       |       |       |       ||     1
       Smiting           |       |       |     4 |     7 |     3 |    10 |    10 |     9 |    14 ||    57
       Recall Orcish Fol |       |       |       |     9 |    26 |    29 |    19 |    19 |    14 ||   116
       Give Item to Name |       |       |       |       |     1 |     3 |     3 |     5 |     2 ||    14
       Stop Recall       |       |       |       |       |     4 |     7 |     3 |     1 |     2 ||    17
       Resurrection      |       |       |       |       |       |       |     1 |     3 |       ||     4
Evoke: Wand              |       |       |       |       |     3 |       |       |       |     7 ||    10
  Use: Potion            |       |     2 |       |     2 |     1 |     2 |     4 |       |     8 ||    19
       Scroll            |       |     3 |    12 |     8 |     9 |    17 |     8 |    15 |    11 ||    83
 Stab: Sleeping          |     2 |       |       |       |       |       |       |       |       ||     2
       Distracted        |       |       |       |     4 |    12 |    14 |     6 |    16 |    14 ||    66
       Paralysed         |       |       |       |       |     5 |     5 |       |       |       ||    10
  Eat: Chunk             |     2 |     7 |     7 |    22 |    32 |    26 |    22 |    21 |    24 ||   163
       Ration            |       |       |     1 |     1 |     3 |     6 |     5 |    10 |    10 ||    36
Armor: Robe              |    11 |       |       |       |       |       |       |       |       ||    11
       Ring mail         |    23 |    46 |       |       |       |       |       |       |       ||    69
       Plate armour      |       |    49 |       |   457 |   618 |   379 |    53 |       |       ||  1556
       Chain mail        |       |     8 |   212 |    42 |    38 |   139 |       |       |       ||   439
       Gold dragon scale |       |       |       |       |       |       |   350 |   528 |   500 ||  1378
Dodge: Dodged            |    85 |    82 |   108 |   225 |   254 |   276 |   138 |   212 |   234 ||  1614
       Deflected         |       |       |       |       |       |     4 |    32 |    12 |     1 ||    49
Block: Shield            |       |       |       |    66 |   672 |   762 |   327 |       |       ||  1827
       Large shield      |       |       |       |       |       |       |   383 |  1704 |  1837 ||  3924

Table legend:
 A = Spawn XP
 B = Non-spawn XP
 C = Spawn XP percentage of total XP
 D = Spawn monster count
 E = Non-spawn monster count
 F = Spawn count percentage of total count
 G = Total turns spent on level
                    A         B        C        D         E        F      G
               +---------+---------+-------+---------+---------+-------+---------
         Total |   58775 | 1537718 |   3.7 |     121 |    2600 |   4.4 | 89263
               +---------+---------+-------+---------+---------+-------+---------
           D:1 |       0 |      48 |   0.0 |       0 |      24 |   0.0 |  1095
           D:2 |       0 |      29 |   0.0 |       0 |      13 |   0.0 |  1063
           D:3 |       0 |     395 |   0.0 |       0 |      36 |   0.0 |  1313
           D:4 |       0 |     638 |   0.0 |       0 |      15 |   0.0 |   716
           D:5 |       0 |    2128 |   0.0 |       0 |      20 |   0.0 |  1267
           D:6 |       0 |     796 |   0.0 |       0 |      19 |   0.0 |   744
           D:7 |       0 |     746 |   0.0 |       0 |      18 |   0.0 |   811
           D:8 |       0 |    3545 |   0.0 |       0 |      22 |   0.0 |  1550
           D:9 |       0 |    3255 |   0.0 |       0 |      31 |   0.0 |  1369
          D:10 |       0 |    8933 |   0.0 |       0 |      56 |   0.0 |  2278
          D:11 |       0 |    5656 |   0.0 |       0 |      45 |   0.0 |  1787
          D:12 |       0 |    5064 |   0.0 |       0 |      39 |   0.0 |  1590
          D:13 |       0 |   12317 |   0.0 |       0 |      49 |   0.0 |  2212
          D:14 |       0 |    9308 |   0.0 |       0 |      34 |   0.0 |  1781
          D:15 |       0 |   31180 |   0.0 |       0 |      63 |   0.0 |  1831
        Lair:1 |       0 |    2524 |   0.0 |       0 |      17 |   0.0 |  2030
        Lair:2 |       0 |    1409 |   0.0 |       0 |      13 |   0.0 |  1253
        Lair:3 |       0 |   10262 |   0.0 |       0 |      57 |   0.0 |  2066
        Lair:4 |       0 |    5935 |   0.0 |       0 |      34 |   0.0 |  1672
        Lair:5 |       0 |   13372 |   0.0 |       0 |      51 |   0.0 |  1313
        Lair:6 |       0 |   14149 |   0.0 |       0 |      50 |   0.0 |  1491
      Shoals:1 |       0 |   14819 |   0.0 |       0 |      27 |   0.0 |  1316
      Shoals:2 |       0 |   11118 |   0.0 |       0 |      27 |   0.0 |   937
      Shoals:3 |       0 |   11337 |   0.0 |       0 |      37 |   0.0 |  1683
      Shoals:4 |       0 |   22667 |   0.0 |       0 |      44 |   0.0 |  1774
       Snake:1 |       0 |   10188 |   0.0 |       0 |      22 |   0.0 |  1345
       Snake:2 |       0 |   19175 |   0.0 |       0 |      57 |   0.0 |  1116
       Snake:3 |       0 |   34618 |   0.0 |       0 |      59 |   0.0 |  2050
       Snake:4 |       0 |   67286 |   0.0 |       0 |     121 |   0.0 |  1273
       Slime:1 |       0 |    4907 |   0.0 |       0 |       2 |   0.0 |    19
         Orc:1 |       0 |    2352 |   0.0 |       0 |       9 |   0.0 |   628
         Orc:2 |       0 |    6584 |   0.0 |       0 |      21 |   0.0 |  1433
         Elf:1 |       0 |   15873 |   0.0 |       0 |      27 |   0.0 |  1540
         Elf:2 |       0 |   27628 |   0.0 |       0 |      41 |   0.0 |  1676
         Elf:3 |       0 |   68349 |   0.0 |       0 |      83 |   0.0 |  2194
      Vaults:1 |       0 |   39066 |   0.0 |       0 |      72 |   0.0 |  3083
      Vaults:2 |       0 |   58089 |   0.0 |       0 |     103 |   0.0 |  2853
      Vaults:3 |       0 |   40822 |   0.0 |       0 |      65 |   0.0 |  2733
      Vaults:4 |       0 |   60636 |   0.0 |       0 |      85 |   0.0 |  1967
      Vaults:5 |       0 |  143656 |   0.0 |       0 |     121 |   0.0 |  2376
       Crypt:1 |       0 |   41676 |   0.0 |       0 |      61 |   0.0 |  2059
       Crypt:2 |       0 |   22022 |   0.0 |       0 |      30 |   0.0 |  1162
       Crypt:3 |       0 |   63283 |   0.0 |       0 |     129 |   0.0 |  1429
      Depths:1 |       0 |   43943 |   0.0 |       0 |      63 |   0.0 |  2169
      Depths:2 |       0 |   66541 |   0.0 |       0 |     114 |   0.0 |  1493
      Depths:3 |       0 |   39135 |   0.0 |       0 |      64 |   0.0 |  2035
      Depths:4 |     571 |   37707 |   1.5 |       2 |      53 |   3.6 |  2214
      Depths:5 |       0 |   51624 |   0.0 |       0 |      59 |   0.0 |  1498
         Zot:1 |       0 |   66589 |   0.0 |       0 |      37 |   0.0 |  1928
         Zot:2 |       0 |   55515 |   0.0 |       0 |      41 |   0.0 |  1797
         Zot:3 |       0 |   67541 |   0.0 |       0 |      34 |   0.0 |  1721
         Zot:4 |       0 |   41056 |   0.0 |       0 |      29 |   0.0 |  1297
         Zot:5 |       0 |  114135 |   0.0 |       0 |      48 |   0.0 |  1001
       Abyss:1 |   29150 |   17501 |  62.5 |      57 |      47 |  54.8 |  1914
       Abyss:2 |   12764 |    8617 |  59.7 |      28 |      33 |  45.9 |   669
       Abyss:3 |   16290 |    2035 |  88.9 |      34 |       7 |  82.9 |   485
         IceCv |       0 |    7939 |   0.0 |       0 |      22 |   0.0 |   929
               +---------+---------+-------+---------+---------+-------+---------
